| TOP OF THE 1ST |
|
Renton Wrecks batting - Pitching for Tri-City Dust Devils : RHP John Martinez
|
|
Pitching: RHP John Martinez
|
|
|
Batting: SHB Ethan Charles
|
0-0: Fly out, F7 (Flyball, 78D, EV 95.6 MPH)
|
|
Batting: LHB Troy Thomas
|
0-0: Foul Ball, location: 2F 0-1: Swinging Strike 0-2: Ball 1-2: SINGLE (Groundball, 6MD, EV 98.1 MPH)
|
|
Batting: RHB Luis Gomez
|
0-0: Ball 1-0: Ball 2-0: Called Strike 2-1: Foul Ball, location: 2F 2-2: Fly out, F3 (Line Drive, 3, EV 65.6 MPH)
|
|
Batting: RHB Stan Holmes
|
0-0: Ball 1-0: Foul Ball, location: 2F 1-1: Called Strike 1-2: Ball 2-2: Strikes out swinging
|
| Top of the 1st over - 0 runs, 1 hit, 0 errors, 1 left on base; Renton 0 - Tri-City 0 |
| BOTTOM OF THE 1ST |
|
Tri-City Dust Devils batting - Pitching for Renton Wrecks : RHP James Laughton
|
|
Pitching: RHP James Laughton
|
|
|
Batting: LHB LaVel Freeman
|
0-0: Called Strike 0-1: Ball 1-1: Foul Ball, location: 2F 1-2: Ball 2-2: Foul Ball, location: 2F 2-2: Foul Ball, location: 2F 2-2: Foul Ball, location: 2F 2-2: Ball 3-2: Base on Balls
|
|
Batting: LHB Daraka Shaheed
|
0-0: Fly out, F8 (Flyball, 8LD, EV 104.4 MPH)
|
|
Batting: RHB Desmond Brooks
|
0-0: Ball 1-0: Ball 2-0: Called Strike 2-1: Ball 3-1: Base on Balls LaVel Freeman to second
|
|
Batting: RHB Felipe Hernandez
|
0-0: Ball 1-0: Called Strike 1-1: Called Strike LaVel Freeman is caught stealing 3rd base 2-5 Desmond Brooks to second 1-2: Ball 2-2: Strikes out swinging
|
| Bottom of the 1st over - 0 runs, 0 hits, 0 errors, 1 left on base; Renton 0 - Tri-City 0 |
| TOP OF THE 2ND |
|
Renton Wrecks batting - Pitching for Tri-City Dust Devils : RHP John Martinez
|
|
Batting: LHB Paul Thoutsis
|
0-0: Ball 1-0: SINGLE (Groundball, 56D, EV 101.3 MPH)
|
|
Batting: RHB Frank Garcia
|
0-0: Ball 1-0: Called Strike 1-1: Ball 2-1: Foul Ball, location: 2F 2-2: Grounds into double play, 4-6-3 (Groundball, 4, EV 78.8 MPH)
|
|
Batting: RHB Julian Gutierrez
|
0-0: Called Strike 0-1: Ball 1-1: Foul Ball, location: 2F 1-2: Ball 2-2: Ball 3-2: Fly out, F8 (Flyball, 8LM, EV 96.3 MPH)
|
| Top of the 2nd over - 0 runs, 1 hit, 0 errors, 0 left on base; Renton 0 - Tri-City 0 |
| BOTTOM OF THE 2ND |
|
Tri-City Dust Devils batting - Pitching for Renton Wrecks : RHP James Laughton
|
|
Batting: LHB Rafael Codinach
|
0-0: Ball 1-0: Ball 2-0: Called Strike 2-1: Swinging Strike 2-2: Ball 3-2: Foul Ball, location: 2F 3-2: Base on Balls
|
|
Batting: LHB George Priftis
|
0-0: Called Strike 0-1: Foul Ball, location: 2F 0-2: Ball 1-2: Ball 2-2: Foul Ball, location: 2F 2-2: Grounds out, U3 (Groundball, 3L, EV 83.8 MPH)
|
|
Batting: RHB Dennis Glynn
|
0-0: Ball 1-0: Swinging Strike 1-1: Ball 2-1: Foul Ball, location: 2F 2-2: Strikes out swinging
|
|
Batting: RHB Gereld McDermott
|
0-0: Ball 1-0: Ball 2-0: Called Strike 2-1: Ball 3-1: 2-RUN HOME RUN (Flyball, 78XD, EV 111.3 MPH), Distance : 399 ft
|
|
Batting: RHB Jeff DeWillis
|
0-0: Foul Ball, location: 2F 0-1: Called Strike 0-2: Foul Ball, location: 2F 0-2: Ball 1-2: Strikes out swinging
|
| Bottom of the 2nd over - 2 runs, 1 hit, 0 errors, 0 left on base; Renton 0 - Tri-City 2 |
| TOP OF THE 3RD |
|
Renton Wrecks batting - Pitching for Tri-City Dust Devils : RHP John Martinez
|
|
Batting: LHB Christian Bryeans
|
0-0: Ball 1-0: Reached on error, E6 (Groundball, 6S, EV 84.4 MPH)
|
|
Batting: RHB Mike Knox
|
0-0: Swinging Strike 0-1: Swinging Strike 0-2: Ball 1-2: Ball 2-2: Strikes out swinging
|
|
Batting: SHB Ethan Charles
|
0-0: Ball 1-0: Foul Ball, location: 2F 1-1: DOUBLE (Groundball, 5L, EV 102.5 MPH) Christian Bryeans to third Runner from 3rd tries for Home, SAFE, throw by LF to home
|
|
Batting: LHB Troy Thomas
|
0-0: Fly out, F8 (Flyball, 8LD, EV 101.3 MPH)
|
|
Batting: RHB Luis Gomez
|
0-0: Called Strike 0-1: Swinging Strike 0-2: Ball 1-2: Ball 2-2: Foul Ball, location: 2F 2-2: Ground out U3 (Groundball, 3, EV 82.5 MPH)
|
| Top of the 3rd over - 1 run, 1 hit, 1 error, 1 left on base; Renton 1 - Tri-City 2 |
| BOTTOM OF THE 3RD |
|
Tri-City Dust Devils batting - Pitching for Renton Wrecks : RHP James Laughton
|
|
Batting: LHB LaVel Freeman
|
0-0: Called Strike 0-1: Ball 1-1: Called Strike 1-2: Ball 2-2: Fly out, F7 (Flyball, 78D, EV 106.3 MPH)
|
|
Batting: LHB Daraka Shaheed
|
0-0: Fly out, F8 (Flyball, 8RM, EV 84.4 MPH)
|
|
Batting: RHB Desmond Brooks
|
0-0: Ball 1-0: Swinging Strike 1-1: Ball 2-1: Ball 3-1: Base on Balls
|
|
Batting: RHB Felipe Hernandez
|
0-0: Ball 1-0: Ball 2-0: Ground out 6-3 (Groundball, 6S, EV 85.0 MPH)
|
| Bottom of the 3rd over - 0 runs, 0 hits, 0 errors, 1 left on base; Renton 1 - Tri-City 2 |
| TOP OF THE 4TH |
|
Renton Wrecks batting - Pitching for Tri-City Dust Devils : RHP John Martinez
|
|
Batting: RHB Stan Holmes
|
0-0: Ball 1-0: Called Strike 1-1: Ball 2-1: DOUBLE (Flyball, 89D, EV 109.4 MPH)
|
|
Batting: LHB Paul Thoutsis
|
0-0: Ball 1-0: Ball 2-0: Called Strike 2-1: SINGLE (Groundball, 34S, EV 68.1 MPH) (infield hit) Stan Holmes to third
|
|
Batting: RHB Frank Garcia
|
0-0: Called Strike 0-1: Swinging Strike 0-2: Foul Ball, location: 2F 0-2: Foul Ball, location: 2F 0-2: Ball 1-2: Ball 2-2: Foul Ball, location: 2F 2-2: Ball 3-2: Foul Ball, location: 2F 3-2: Strikes out swinging
|
|
Batting: RHB Julian Gutierrez
|
0-0: Called Strike 0-1: Ball 1-1: Foul Ball, location: 2F 1-2: Ball 2-2: Fly out, F6 (Line Drive, 6, EV 70.6 MPH)
|
|
Batting: LHB Christian Bryeans
|
0-0: Called Strike 0-1: Ball 1-1: Foul Ball, location: 2F 1-2: Foul Ball, location: 2F 1-2: Ball 2-2: Foul Ball, location: 2F 2-2: Foul Ball, location: 2F 2-2: Strikes out swinging
|
| Top of the 4th over - 0 runs, 2 hits, 0 errors, 2 left on base; Renton 1 - Tri-City 2 |
| BOTTOM OF THE 4TH |
|
Tri-City Dust Devils batting - Pitching for Renton Wrecks : RHP James Laughton
|
|
Batting: LHB Rafael Codinach
|
0-0: Called Strike 0-1: Reached on error, E5 (Groundball, 56S, EV 90.0 MPH)
|
|
Batting: LHB George Priftis
|
0-0: Ball 1-0: Ball 2-0: Swinging Strike 2-1: Ball 3-1: Base on Balls Rafael Codinach to second
|
|
Batting: RHB Dennis Glynn
|
0-0: Fly out, F9 (Line Drive, 9, EV 93.8 MPH) Runner from 2nd tags up, SAFE at 3rd with throw by RF
|
|
Batting: RHB Gereld McDermott
|
0-0: Ball 1-0: Called Strike 1-1: Ball 2-1: Called Strike 2-2: Foul Ball, location: 2F 2-2: Ball 3-2: Foul Ball, location: 2F 3-2: Base on Balls George Priftis to second
|
|
Batting: RHB Jeff DeWillis
|
0-0: Fly out, F8 (Flyball, 8LD, EV 99.4 MPH) Runner from 3rd tags up, SCORES, throw by CF
|
|
Batting: LHB LaVel Freeman
|
0-0: Swinging Strike 0-1: DOUBLE (Flyball, 89D, EV 98.1 MPH) George Priftis scores Gereld McDermott to third Runner from 3rd tries for Home, SAFE, throw by RF to trailing runner, SAFE at third!
|
|
Batting: LHB Daraka Shaheed
|
0-0: Ball 1-0: Called Strike 1-1: Ground out U3 (Groundball, 3L, EV 89.4 MPH)
|
| Bottom of the 4th over - 3 runs, 1 hit, 1 error, 1 left on base; Renton 1 - Tri-City 5 |
| TOP OF THE 5TH |
|
Renton Wrecks batting - Pitching for Tri-City Dust Devils : RHP John Martinez
|
|
Batting: RHB Mike Knox
|
0-0: Foul Ball, location: 2F 0-1: Ball 1-1: Fly out, F8 (Flyball, 8LM, EV 86.3 MPH)
|
|
Batting: SHB Ethan Charles
|
0-0: Ball 1-0: Ball 2-0: Called Strike 2-1: Swinging Strike 2-2: Fly out, F9 (Flyball, 9, EV 80.0 MPH)
|
|
Batting: LHB Troy Thomas
|
0-0: Ball 1-0: Ball 2-0: Foul Ball, location: 2F 2-1: Ball 3-1: Foul Ball, location: 2F 3-2: Base on Balls
|
|
Batting: RHB Luis Gomez
|
0-0: SINGLE (Line Drive, 8LS, EV 95.0 MPH) Troy Thomas to second Runner from 2nd tries for 3rd, SAFE, no throw by CF
|
|
Batting: RHB Stan Holmes
|
0-0: Called Strike 0-1: Swinging Strike 0-2: Strikes out swinging
|
| Top of the 5th over - 0 runs, 1 hit, 0 errors, 2 left on base; Renton 1 - Tri-City 5 |
| BOTTOM OF THE 5TH |
|
Tri-City Dust Devils batting - Pitching for Renton Wrecks : RHP James Laughton
|
|
Batting: RHB Desmond Brooks
|
0-0: Called Strike 0-1: Called Strike 0-2: Foul Ball, location: 2F 0-2: Ground out 5-3 (Groundball, 56, EV 102.5 MPH)
|
|
Batting: RHB Felipe Hernandez
|
0-0: Ball 1-0: Ball 2-0: Called Strike 2-1: Ball 3-1: Base on Balls
|
|
Batting: LHB Rafael Codinach
|
0-0: Called Strike 0-1: Ball 1-1: Fly out, F6 (Flyball, 56D, EV 88.1 MPH)
|
|
Batting: LHB George Priftis
|
0-0: Called Strike 0-1: Foul Ball, location: 2F 0-2: Ball 1-2: Ball 2-2: Ball 3-2: Foul Ball, location: 2F 3-2: Ground out 5-3 (Groundball, 56, EV 81.3 MPH)
|
| Bottom of the 5th over - 0 runs, 0 hits, 0 errors, 1 left on base; Renton 1 - Tri-City 5 |
| TOP OF THE 6TH |
|
Renton Wrecks batting - Pitching for Tri-City Dust Devils : RHP John Martinez
|
|
Batting: LHB Paul Thoutsis
|
0-0: Swinging Strike 0-1: Ball 1-1: Ground out 2-3 (Groundball, 15S, EV 66.9 MPH)
|
|
Batting: RHB Frank Garcia
|
0-0: Called Strike 0-1: Called Strike 0-2: Ball 1-2: Fly out, F9 (Flyball, 9LS, EV 93.1 MPH)
|
|
Batting: RHB Julian Gutierrez
|
0-0: Called Strike 0-1: Foul Ball, location: 2F 0-2: Ball 1-2: Ground out 5-3 (Groundball, 56, EV 104.4 MPH)
|
| Top of the 6th over - 0 runs, 0 hits, 0 errors, 0 left on base; Renton 1 - Tri-City 5 |
| BOTTOM OF THE 6TH |
|
Tri-City Dust Devils batting - Pitching for Renton Wrecks : RHP James Laughton
|
|
Batting: RHB Dennis Glynn
|
0-0: Ball 1-0: Ball 2-0: Called Strike 2-1: Ball 3-1: Base on Balls
|
|
Batting: RHB Gereld McDermott
|
0-0: Called Strike 0-1: Called Strike 0-2: Strikes out swinging
|
|
Batting: RHB Jeff DeWillis
|
0-0: Called Strike 0-1: Grounds into double play, 4-6-3 (Groundball, 34, EV 81.3 MPH)
|
| Bottom of the 6th over - 0 runs, 0 hits, 0 errors, 0 left on base; Renton 1 - Tri-City 5 |
| TOP OF THE 7TH |
|
Renton Wrecks batting - Pitching for Tri-City Dust Devils : RHP John Martinez
|
|
Batting: LHB Christian Bryeans
|
0-0: Ball 1-0: Swinging Strike 1-1: Swinging Strike 1-2: Foul Ball, location: 2F 1-2: Ball 2-2: Ball 3-2: Strikes out swinging
|
|
Batting: RHB Mike Knox
|
0-0: Called Strike 0-1: Foul Ball, location: 2F 0-2: Ball 1-2: Ball 2-2: Fly out, F4 (Line Drive, 4, EV 70.6 MPH)
|
|
Batting: SHB Ethan Charles
|
0-0: Called Strike 0-1: Ball 1-1: Ball 2-1: Foul Ball, location: 2F 2-2: Foul Ball, location: 2F 2-2: Strikes out swinging
|
| Top of the 7th over - 0 runs, 0 hits, 0 errors, 0 left on base; Renton 1 - Tri-City 5 |
| BOTTOM OF THE 7TH |
|
Tri-City Dust Devils batting - Pitching for Renton Wrecks : RHP James Laughton
|
|
Batting: LHB LaVel Freeman
|
0-0: Ball 1-0: Ground out 1-3 (Groundball, 34S, EV 68.1 MPH)
|
|
Batting: LHB Daraka Shaheed
|
0-0: DOUBLE (Groundball, 3L, EV 105.6 MPH)
|
|
Batting: RHB Desmond Brooks
|
0-0: Called Strike 0-1: Foul Ball, location: 2F 0-2: Foul Ball, location: 2F 0-2: Ball 1-2: Ball 2-2: Strikes out swinging
|
|
Pitching: RHP Stephen Lawrence
|
|
|
Batting: RHB Felipe Hernandez
|
0-0: Ball 1-0: Ball 2-0: Ball 3-0: Called Strike 3-1: Foul Ball, location: 2F 3-2: Base on Balls
|
|
Batting: LHB Rafael Codinach
|
0-0: Ball 1-0: Ball 2-0: Ball 3-0: Called Strike 3-1: Base on Balls Daraka Shaheed to third Felipe Hernandez to second
|
|
Batting: LHB George Priftis
|
0-0: Foul Ball, location: 2F 0-1: Called Strike 0-2: Ball 1-2: Foul Ball, location: 2F 1-2: Fly out, F6 (Flyball, 56D, EV 94.4 MPH)
|
| Bottom of the 7th over - 0 runs, 1 hit, 0 errors, 3 left on base; Renton 1 - Tri-City 5 |
| TOP OF THE 8TH |
|
Renton Wrecks batting - Pitching for Tri-City Dust Devils : RHP John Martinez
|
|
Batting: LHB Troy Thomas
|
0-0: Ball 1-0: Called Strike 1-1: Ball 2-1: SINGLE (Line Drive, 9LS, EV 110.0 MPH)
|
|
Batting: RHB Luis Gomez
|
0-0: Ball 1-0: Ball 2-0: Swinging Strike 2-1: Ball 3-1: Called Strike 3-2: Strikes out swinging Troy Thomas steals 2nd, throwing error, E2 Troy Thomas to third
|
|
Batting: RHB Stan Holmes
|
0-0: Ball 1-0: Ground out 6-3 (Groundball, 6, EV 110.6 MPH) Troy Thomas scores
|
|
Batting: LHB Paul Thoutsis
|
0-0: Foul Ball, location: 2F 0-1: Foul Ball, location: 2F 0-2: Foul Ball, location: 2F 0-2: DOUBLE (Line Drive, 3D, EV 94.4 MPH)
|
|
Batting: RHB Frank Garcia
|
0-0: Fly out, F9 (Flyball, 9LS, EV 84.4 MPH)
|
| Top of the 8th over - 1 run, 2 hits, 1 error, 1 left on base; Renton 2 - Tri-City 5 |
| BOTTOM OF THE 8TH |
|
Tri-City Dust Devils batting - Pitching for Renton Wrecks : RHP Stephen Lawrence
|
|
Batting: RHB Dennis Glynn
|
0-0: Ball 1-0: Ball 2-0: Ball 3-0: Base on Balls
|
|
Batting: RHB Gereld McDermott
|
0-0: Fly out, F9 (Flyball, 9D, EV 100.6 MPH)
|
|
Batting: RHB Jeff DeWillis
|
0-0: Ball 1-0: Ball 2-0: Foul Ball, location: 2F 2-1: Swinging Strike 2-2: Ball 3-2: Base on Balls Dennis Glynn to second
|
|
Batting: LHB LaVel Freeman
|
0-0: Called Strike 0-1: Foul Ball, location: 2F 0-2: Ball 1-2: Fly out, F9 (Line Drive, 9, EV 90.0 MPH) Runner from 2nd tags up, SAFE at 3rd with throw by RF
|
|
Batting: LHB Daraka Shaheed
|
0-0: Ball 1-0: Called Strike 1-1: Foul Ball, location: 2F 1-2: Ball 2-2: Strikes out swinging
|
| Bottom of the 8th over - 0 runs, 0 hits, 0 errors, 2 left on base; Renton 2 - Tri-City 5 |
| TOP OF THE 9TH |
|
Renton Wrecks batting - Pitching for Tri-City Dust Devils : RHP John Martinez
|
|
Batting: RHB Julian Gutierrez
|
0-0: Fly out, F7 (Flyball, 7LM, EV 74.4 MPH)
|
|
Batting: LHB Christian Bryeans
|
0-0: Ball 1-0: Ball 2-0: Ground out 5-3 (Groundball, 56S, EV 77.5 MPH)
|
|
Batting: RHB Mike Knox
|
0-0: Ball 1-0: Ball 2-0: Foul Ball, location: 2F 2-1: Ball 3-1: Foul Ball, location: 2F 3-2: Base on Balls
|
|
Batting: SHB Ethan Charles
|
0-0: Called Strike 0-1: Foul Ball, location: 2F 0-2: Ball 1-2: Ball 2-2: SINGLE (Groundball, 56S, EV 68.8 MPH) (infield hit) Mike Knox to second
|
|
Batting: LHB Troy Thomas
|
0-0: Fly out, F8 (Line Drive, 8RD, EV 85.6 MPH)
|
| Top of the 9th over - 0 runs, 1 hit, 0 errors, 2 left on base; Renton 2 - Tri-City 5 |
|